 Dungeon Crawl Stone Soup version 0.30-a0-1160-g6e42c06551 (webtiles) character file.

Game seed: 5519988363756880016

472 sircluck the Cudgeller (level 7, -7/90 HPs)
             Began as a Gnoll Berserker on Apr 26, 2023.
             Was a Follower of Trog.
             Mangled by a gnoll
             ... wielding a +0 spear
             ... led by a gnoll bouda
              (8 damage)
             ... on level 6 of the Dungeon.
             The game lasted 00:05:19 (2042 turns).

sircluck the Cudgeller (Gnoll Berserker)            Turns: 2042, Time: 00:05:20

Health: -7/90      AC:  2    Str: 18    XL:     7   Next: 9%
Magic:  10/10      EV: 13    Int:  7    God:    Trog [*.....]
Gold:   138        SH:  0    Dex: 11    Spells: 10/10 levels left

rFire   . . .        a - +0 mace
rCold   . . .        (no shield)
rNeg    . . .        b - +0 animal skin
rPois   .            (no helmet)
rElec   .            (no cloak)
rCorr   .            (no gloves)
SInv    .            (no boots)
Will    .....        (no amulet) Stlth
                     (no ring)
HPRegen 0.35/turn    (no ring)
MPRegen 0.12/turn

%: no passive effects
@: berserking, very quick
A: fangs 1, strong nose, distributed training
a: Renounce Religion, Berserk


You were on level 6 of the Dungeon.
You worshipped Trog.
Trog was aware of your devotion.
You visited 1 branch of the dungeon, and saw 6 of its levels.

You collected 138 gold pieces.

Inventory:

Hand Weapons
 a - a +0 mace (weapon)
Missiles
 e - 18 stones (quivered)
Armour
 b - a +0 animal skin (worn)
Scrolls
 f - a scroll of amnesia {unknown}
 i - a scroll of fog {unknown}
 j - a scroll of identify {unknown}
Potions
 c - 2 potions of haste {unknown}
 d - a potion of mutation {unknown}
 g - a potion of flight {unknown}
 h - 2 potions of heal wounds {unknown}
 k - a potion of might {unknown}
 l - a potion of cancellation {unknown}


   Skills:
 + Level 7.0 Fighting
 + Level 2.3 Short Blades
 + Level 2.3 Long Blades
 + Level 2.3 Axes
 + Level 7.0 Maces & Flails
 + Level 2.3 Polearms
 + Level 2.3 Staves
 + Level 2.3 Ranged Weapons
 + Level 2.3 Throwing
 + Level 5.2 Armour
 + Level 5.2 Dodging
 + Level 2.3 Stealth
 + Level 2.3 Shields
 + Level 2.3 Unarmed Combat
 + Level 2.3 Spellcasting
 + Level 1.9 Conjurations
 + Level 1.9 Hexes
 + Level 1.9 Summonings
 + Level 1.9 Necromancy
 + Level 1.9 Translocations
 + Level 1.9 Transmutations
 + Level 1.9 Fire Magic
 + Level 1.9 Ice Magic
 + Level 1.9 Air Magic
 + Level 1.9 Earth Magic
 + Level 1.9 Poison Magic
 + Level 2.6 Invocations
 + Level 2.3 Evocations


You had 10 spell levels left.
You didn't know any spells.
Your spell library was empty.

Dungeon Overview and Level Annotations

Branches:
Dungeon (6/15)
 Temple: D:4-7

Altars:

Shops:
D:5 [

Annotations:
D:6 Prince Ribbit


Innate Abilities, Weirdness & Mutations

You have very sharp teeth.
Your uncanny sense of smell can sniff out nearby items.
Your experience applies equally to all skills.


Message History

A red film seems to cover your vision as you go berserk!
You feel yourself moving faster!
You feel mighty! The gnoll hits you with a +0 whip!
* * * LOW HITPOINT WARNING * * *
The gnoll hits you with a +0 heavy flail!
* * * LOW HITPOINT WARNING * * *
The ufetubus barely misses you. The ufetubus hits you.
* * * LOW HITPOINT WARNING * * *
The howler monkey closely misses you.
You are too injured to fight recklessly!
You are too injured to fight recklessly!
You are too injured to fight recklessly!
You are too injured to fight recklessly!
You closely miss the gnoll. Your bite misses the gnoll.
The ufetubus barely misses you. The ufetubus completely misses you.
An adder comes into view.
The gnoll hits you with a +0 whip.
* * * LOW HITPOINT WARNING * * *
Prince Ribbit catches a small bird with his tongue.
The howler monkey hoots and howls with incredible vigour!
You hear a chilling moan.
You hear an angry hiss.
Something shouts, "Take thy face hence, thou weedy full-gorged mammet!"
You hear a shout!
Something shouts, "Fly, thou froward bat-fowling bum-bailey!"
You hear a chilling moan.
You hear a shout! x2; You hear an angry hiss.
Something shouts, "Disclaim thyself, thou infectious rude-growing blabberskite!"
You hear a shout! x7
You sock the gnoll! You bite the gnoll.
You kill the gnoll!
Trog accepts your kill.
The ufetubus barely misses you. x2; The gnoll misses you.
Prince Ribbit hits you.
* * * LOW HITPOINT WARNING * * *
The gnoll bouda barks out a call to the hunt!
The gnolls pick up the pace!
The howler monkey barely misses you.
Unknown command.
Unknown command.
The gnoll barely misses you. The gnoll hits you with a +0 spear!
You die...

.. #.# #..
#.. #... ..#
....#
##.####
....g##.....
......#...#
......g.Fh#
#g@5.#
#5g.##
#....S.###
!.####. #.
.. .. ...
...


You could see Prince Ribbit, a gnoll bouda, a howler monkey (catching breath), 3
gnolls, an adder, a white imp and an ufetubus.

Vanquished Creatures
  A water moccasin (D:5)
  A black bear (D:5)
  A scorpion (D:4)
  3 hounds (D:5)
  A sleepcap (D:5)
  An orc wizard (D:5)
  2 gnolls
  2 adders
  A white imp (D:5)
  A worm (D:3)
  2 dart slugs (D:1)
  2 orcs (D:5)
  A bat (D:1)
  2 giant cockroaches (D:1)
  4 goblins
  4 hobgoblins (D:1)
  5 ball pythons
  2 kobolds
  2 rats (D:1)
38 creatures vanquished.

Vanquished Creatures (others)
  2 demonic plants (D:6)
2 creatures vanquished.

Grand Total: 40 creatures vanquished

Notes
Turn   | Place    | Note
-------+----------+-------------------------------------------
     0 | D:1      | sircluck the Gnoll Berserker began the quest for the Orb.
     0 | D:1      | Reached XP level 1. HP: 23/23 MP: 1/1
   202 | D:1      | Reached XP level 2. HP: 23/29 MP: 2/2
   790 | D:1      | Reached XP level 3. HP: 34/35 MP: 3/3
   817 | D:1      | You fall into a shaft and drop 1 floor!
   883 | D:2      | Reached skill level 1 in Invocations
   982 | D:4      | Noticed a scorpion
   989 | D:4      | Killed a scorpion
   990 | D:4      | Reached skill level 1 in Short Blades
   990 | D:4      | Reached skill level 1 in Long Blades
   990 | D:4      | Reached skill level 1 in Axes
   990 | D:4      | Reached skill level 1 in Polearms
   990 | D:4      | Reached skill level 1 in Staves
   990 | D:4      | Reached skill level 1 in Ranged Weapons
   990 | D:4      | Reached skill level 1 in Throwing
   990 | D:4      | Reached skill level 1 in Stealth
   990 | D:4      | Reached skill level 1 in Shields
   990 | D:4      | Reached skill level 1 in Unarmed Combat
   990 | D:4      | Reached skill level 1 in Spellcasting
   990 | D:4      | Reached skill level 1 in Conjurations
   990 | D:4      | Reached skill level 1 in Hexes
   990 | D:4      | Reached skill level 1 in Summonings
   990 | D:4      | Reached skill level 1 in Necromancy
   990 | D:4      | Reached skill level 1 in Translocations
   990 | D:4      | Reached skill level 1 in Transmutations
   990 | D:4      | Reached skill level 1 in Fire Magic
   990 | D:4      | Reached skill level 1 in Ice Magic
   990 | D:4      | Reached skill level 1 in Air Magic
   990 | D:4      | Reached skill level 1 in Earth Magic
   990 | D:4      | Reached skill level 1 in Poison Magic
   990 | D:4      | Reached skill level 1 in Evocations
   990 | D:4      | Reached XP level 4. HP: 32/41 MP: 5/5
  1186 | D:5      | Entered Level 5 of the Dungeon
  1199 | D:5      | Reached XP level 5. HP: 43/47 MP: 7/7
  1230 | D:5      | Found Kuvvikha's Antique Armour Shop.
  1485 | D:5      | Noticed a black bear
  1506 | D:5      | Killed a black bear
  1507 | D:5      | Reached skill level 5 in Armour
  1507 | D:5      | Reached skill level 5 in Dodging
  1507 | D:5      | Reached XP level 6. HP: 41/53 MP: 8/8
  1590 | D:5      | Noticed a water moccasin
  1601 | D:5      | Killed a water moccasin
  1956 | D:5      | Reached XP level 7. HP: 41/60 MP: 10/10
  2022 | D:6      | Noticed Prince Ribbit
  2040 | D:6      | HP: 2/90 [gnoll/+0 whip[a gnoll bouda] (6)]
  2042 | D:6      | Mangled by a gnoll

Illustrated notes

Levels and vault maps discovered:
D:1:      dpeg_arrival_chambers_temple_mockup, layout_rooms, serial_forest,
          infiniplex_forest_lined_3_way, infiniplex_forest_lined_3,
          infiniplex_forest_lined_corner, infiniplex_forest_end_1,
          infiniplex_forest_clump_curved, infiniplex_forest_end_double,
          infiniplex_forest_straight_4, infiniplex_forest_lined_3_way,
          infiniplex_forest_pool, chequers_hall_statues_wall_a
D:2:      wander_river, layout_loops_ring, serial_glass, glass_columns_a,
          glass_columns_a
D:3:      layout_loops_ring, patterned_corridor
D:4:      layout_loops_cross, lemuel_crystal_altar, minmay_temple_entry_poolview
D:5:      layout_basic, nicolae_ossuary_entry_plus, serial_shops,
          nicolae_lakefront_shop
D:6:      layout_cave_pools, serial_demonic, serial_demonic_g, serial_demonic_a,
          serial_demonic_b, serial_demonic_d, serial_demonic_g,
          serial_demonic_a, serial_demonic_b, uniq_menkaure, uniq_grinder,
          uniq_prince_ribbit1, uniq_pikel

Skill      XL: |  1  2  3  4  5  6 |
---------------+-------------------+-----
Invocations    | 1 2 |  2.6
Short Blades   | 1 2 |  2.3
Long Blades    | 1 2 |  2.3
Axes           | 1 2 |  2.3
Polearms       | 1 2 |  2.3
Staves         | 1 2 |  2.3
Ranged Weapons | 1 2 |  2.3
Throwing       | 1 2 |  2.3
Stealth        | 1 2 |  2.3
Shields        | 1 2 |  2.3
Unarmed Combat | 1 2 |  2.3
Spellcasting   | 1 2 |  2.3
Conjurations   | 1 |  1.9
Hexes          | 1 |  1.9
Summonings     | 1 |  1.9
Necromancy     | 1 |  1.9
Translocations | 1 |  1.9
Transmutations | 1 |  1.9
Fire Magic     | 1 |  1.9
Ice Magic      | 1 |  1.9
Air Magic      | 1 |  1.9
Earth Magic    | 1 |  1.9
Poison Magic   | 1 |  1.9
Evocations     | 1 2 |  2.3
Armour         | 5 |  5.2
Dodging        | 5 |  5.2
Fighting       | 7 |  7.0
Maces & Flails | 7 |  7.0

Action                     |  1- 3 |  4- 6 |  7- 9 || total
---------------------------+-------+-------+-------++-------
  Melee: Mace              |    76 |    72 |    11 ||   159
         Bite              |    10 |    11 |     1 ||    22
         Punch             |     1 |     3 |     1 ||     5
  Throw: Stone             |     3 |       |       ||     3
 Invoke: Berserk           |     2 |     2 |     1 ||     5
   Stab: Sleeping          |     1 |     2 |       ||     3
 Armour: Animal skin       |     5 |     6 |     5 ||    16
  Dodge: Dodged            |    67 |    50 |    18 ||   135

Table legend: (Time is in decaauts)
 A = Elapsed time spent in this place.
 B = Non-inter-level travel time spent in this place.
 C = Inter-level travel time spent in this place.
 D = Time resting spent in this place.
 E = Time spent auto-exploring this place.
 F = Levels seen in this place.
 G = Mean time per level.
                   A        B        C        D        E       F      G
               +--------+--------+--------+--------+--------+-----+--------+
         Total |   2098 |   2046 |     52 |    312 |   1151 |   6 |  349.7 |
       Dungeon |   2098 |   2046 |     52 |    312 |   1151 |   6 |  349.7 |
               +--------+--------+--------+--------+--------+-----+--------+

Top non-repeatable levels by time:
     D:1: 829 daAuts
     D:5: 812 daAuts
     D:4: 222 daAuts
     D:3: 88 daAuts
     D:2: 77 daAuts
     D:6: 69 daAuts
